 Dungeon Crawl Stone Soup version 0.26-a0-835-g8259106e14 (webtiles) character file.

Game seed: 318825999827422556

373 Kinoniko the Chopper (level 6, -4/44 HPs)
             Began as a Demonspawn Gladiator on Nov 17, 2020.
             Slain by an orc priest
             ... wielding a +0 flail
              (6 damage)
             ... on level 4 of the Dungeon.
             The game lasted 00:04:05 (4002 turns).

Kinoniko the Chopper (Demonspawn Gladiator)         Turns: 4002, Time: 00:04:06

Health: -4/44      AC: 13    Str: 16    XL:     6   Next: 43%
Magic:  6/6        EV: 12    Int:  9    God:
Gold:   173        SH:  8    Dex: 15    Spells: 5/5 levels left

rFire    + + .     SeeInvis .   a - +1 war axe
rCold    + . .     Faith    +   (no shield)
rNeg     . . .     Spirit   .   y - +2 ring mail {rC+}
rPois    +         Reflect  .   c - +2 helmet
rElec    .         Harm     .   n - +2 cloak
rCorr    .         Rampage  .   (no gloves)
MR       .....                  (no boots)
Stlth    +.........             i - amulet of faith
HPRegen  0.14/turn              t - ring of protection from fire
MPRegen  0.10/turn              o - ring of poison resistance

@: no status effects
A: hooves 1, large bone plates 3, fire resistance 1
a: no special abilities


You were on level 4 of the Dungeon.
You visited 1 branch of the dungeon, and saw 4 of its levels.

You collected 173 gold pieces.

Inventory:

Hand Weapons
 a - a +1 war axe (weapon)
Missiles
 d - 3 throwing nets (quivered)
Armour
 c - a +2 helmet (worn)
 n - a +2 cloak (worn)
 y - a +2 ring mail of cold resistance (worn)
Jewellery
 i - an amulet of faith (around neck)
 o - a ring of poison resistance (right hand)
 q - an uncursed ring of wizardry
 t - a ring of protection from fire (left hand)
 v - an uncursed ring of flight
Wands
 x - a wand of acid (8)
Scrolls
 g - a scroll of remove curse
 j - a scroll of blinking
 l - a scroll of amnesia
 w - 2 scrolls of teleportation
Potions
 b - a potion of degeneration {unknown}
 e - 2 potions of heal wounds {unknown}
 f - 3 potions of curing {unknown}
 h - a potion of invisibility {unknown}
 k - a potion of attraction {unknown}
 m - 3 potions of lignification {unknown}
 p - a potion of cancellation {unknown}
 r - 2 potions of haste
 u - a potion of mutation {unknown}


   Skills:
 - Level 2.0 Fighting
 + Level 6.7 Axes
 - Level 1.7 Throwing
 - Level 2.6 Dodging


You had 5 spell levels left.
You didn't know any spells.
Your spell library was empty.

Dungeon Overview and Level Annotations

Branches:
Dungeon (4/15)
 Temple: D:4-7

Altars:
Dithmenos


Innate Abilities, Weirdness & Mutations

You have large cloven feet.
You are completely covered in large bone plates. (SH +8)
Your flesh is heat resistant. (rF+)


Message History

The orc wizard points at you and mumbles some strange words.
You resist with some effort.
You slash the orc wizard!
You kill the orc wizard!
The orc priest completely misses you.
Things that are here:
a +0 dagger; a +0 robe; an orc corpse You hit the orc priest.
Your kick misses the orc priest.
The orc priest is moderately wounded.
The orc priest hits you but does no damage.
You barely miss the orc priest. Your kick misses the orc priest.
The orc priest is moderately wounded.
The orc priest calls down the wrath of Beogh upon you.
Beogh smites you!
* * * LOW HITPOINT WARNING * * *
Unknown command.
You slash the orc priest!
The orc priest is almost dead.
The orc priest hits you with a +0 flail.
You die...

### #.. ... #.# .. #.#
.. ######.# .
#......### .#
#.####...# ####.# #.#
##...## #..o.###..
#.###§..§§###)@.......
#.##§§..§§§##.)...##..
#.#.§..[§§§.#....###
#.......§...§........
#§§§§§._.........###.
#.§§§§..§.§§.....#
###§§§..§§§§#....#
##§§...§§##..<.# ###
##§..§§# #...####...


You could see an orc priest.

Vanquished Creatures
  An orc priest (D:3)
  A centaur skeleton (D:4)
  Crazy Yiuf (D:2)
  Terence (D:2)
  A worker ant (D:3)
  An orc wizard (D:4)
  7 gnolls
  3 adders
  2 oozes
  A worm (D:2)
  A dart slug (D:3)
  3 leopard geckos (D:3)
  13 orcs
  A ball python (D:3)
  13 bats
  4 giant cockroaches
  6 goblins
  10 hobgoblins
  5 jackals
  6 kobolds
  2 quokkas
  5 frilled lizards
  3 rats
91 creatures vanquished.

Notes
Turn   | Place    | Note
-------+----------+-------------------------------------------
     0 | D:1      | Kinoniko the Demonspawn Gladiator began the quest for the
                  | Orb.
     0 | D:1      | Reached XP level 1. HP: 16/16 MP: 1/1
   171 | D:1      | You fall into a shaft and drop 1 floor!
   210 | D:2      | Reached skill level 3 in Axes
   254 | D:2      | Gained mutation: You are partially covered in large bone
                  | plates. (SH +4) [demonic ancestry]
   254 | D:2      | Reached XP level 2. HP: 16/22 MP: 2/2
   257 | D:2      | Gained mutation: Your flesh is heat resistant. (rF+)
                  | [demonic ancestry]
   257 | D:2      | Reached XP level 3. HP: 20/27 MP: 3/3
   263 | D:2      | Reached skill level 4 in Axes
   745 | D:1      | Gained mutation: You are mostly covered in large bone
                  | plates. (SH +6) [demonic ancestry]
   745 | D:1      | Reached XP level 4. HP: 33/33 MP: 4/4
  1614 | D:2      | Found a runed translucent door.
  1615 | D:2      | Noticed Crazy Yiuf
  2081 | D:2      | Noticed Terence
  2094 | D:2      | Killed Terence
  2095 | D:2      | Reached skill level 5 in Axes
  2524 | D:2      | Killed Crazy Yiuf
  2525 | D:2      | Gained mutation: You are completely covered in large bone
                  | plates. (SH +8) [demonic ancestry]
  2525 | D:2      | Reached XP level 5. HP: 13/38 MP: 5/5
  3226 | D:3      | Reached skill level 6 in Axes
  3284 | D:3      | Gained mutation: You have large cloven feet. [demonic
                  | ancestry]
  3284 | D:3      | Reached XP level 6. HP: 29/44 MP: 6/6
  3951 | D:4      | Found a shadowy altar of Dithmenos.
  4001 | D:4      | HP: 2/44 [orc priest/divine providence (12)]
  4002 | D:4      | Slain by an orc priest

Illustrated notes

Levels and vault maps discovered:
D:1:      sevenhm_arrival_forest_fort_large_2, layout_loops_ring, serial_forest,
          infiniplex_forest_straight_3, infiniplex_forest_end_2,
          infiniplex_forest_lined_room_2, infiniplex_forest_split,
          infiniplex_forest_corner_2
D:2:      layout_basic, uniq_terence, uniq_crazy_yiuf_cottage
D:3:      kennysheep_big_flooded_room, layout_basic, st_stairs_14
D:4:      layout_rooms, nicolae_dithmenos_the_darkroom, mrwooster_statue_mirror

Skill      XL: |  1  2  3  4  5 |
---------------+----------------+-----
Axes           | 3 4 5 6 |  6.7
Fighting       | |  2.0
Throwing       | |  1.7
Dodging        | |  2.6

Action                   |  1- 3 |  4- 6 || total
-------------------------+-------+-------++-------
Melee: War axe           |    50 |   219 ||   269
       Kick              |       |     9 ||     9
  Use: Scroll            |       |    10 ||    10
Armor: Leather armour    |    20 |    16 ||    36
       Ring mail         |       |    52 ||    52
Dodge: Dodged            |    67 |   105 ||   172
Block: Other             |     7 |    72 ||    79

Table legend: (Time is in decaauts)
 A = Elapsed time spent in this place.
 B = Non-inter-level travel time spent in this place.
 C = Inter-level travel time spent in this place.
 D = Time resting spent in this place.
 E = Time spent auto-exploring this place.
 F = Levels seen in this place.
 G = Mean time per level.
                   A        B        C        D        E       F      G
               +--------+--------+--------+--------+--------+-----+--------+
         Total |   4064 |   3959 |    105 |    424 |   2919 |   4 | 1016.0 |
       Dungeon |   4064 |   3959 |    105 |    424 |   2919 |   4 | 1016.0 |
               +--------+--------+--------+--------+--------+-----+--------+

Top non-repeatable levels by time:
     D:2: 1754 daAuts
     D:3: 1168 daAuts
     D:1: 1038 daAuts
     D:4: 103 daAuts
